 Dungeon Crawl Stone Soup version 0.27-a0-25-g087482e4d5 (webtiles) character file.

Game seed: 14991870181868720335

370544 fasse2k the Phalangite (level 23, -9/194 HPs)
             Began as a Formicid Fighter on Jan 2, 2021.
             Was an Initiate of Gozag.
             Killed from afar by a Hell Sentinel (48 damage)
             ... with an iron shot
             ... summoned by a deep elf demonologist
             ... on level 3 of the Elven Halls.
             The game lasted 01:29:58 (56100 turns).

fasse2k the Phalangite (Formicid Fighter)          Turns: 56100, Time: 01:29:59

Health: -9/194     AC: 32    Str: 38    XL:     23   Next: 71%
Magic:  23/23      EV: 17    Int: 10    God:    Gozag
Gold:   7594       SH: 31    Dex: 10    Spells: 22/22 levels left

rFire    + + .     SeeInvis +   M - +13 lance "Wyrmbane" {slay drac, rPois rF+ rC+ AC+3}
rCold    + + .     Faith    .   S - +0 tower shield
rNeg     . . .     Spirit   .   d - +5 plate armour "Ruodos" {Slay+5}
rPois    +         Reflect  +   (helmet unavailable)
rElec    +         Harm     .   H - scarf {rC+ rF+}
rCorr    .         Rampage  .   t - +1 pair of gloves {Str+3}
Will     +++..                  X - +0 pair of boots of Moral Flaws {rElec Str+4}
Stlth    ..........             n - amulet of reflection
HPRegen  0.42/turn              k - ring of Conformity {+Blink rPois Will+ Str+2}
MPRegen  0.18/turn              O - ring of the Hare {EV+8}

@: no status effects
A: permanent stasis, dig shafts and tunnels, four strong arms, antennae 3
}: 2/15 runes: decaying, gossamer
a: Dig, Shaft Self, Renounce Religion, Potion Petition, Call Merchant, Bribe
Branch


You were on level 3 of the Elven Halls.
You worshipped Gozag.
Gozag was greatly pleased with you.
You visited 8 branches of the dungeon, and saw 40 of its levels.
You also visited: Gauntlet and Wizlab.

You collected 20541 gold pieces.
You spent 4388 gold pieces at shops.
You paid 8559 gold pieces to Gozag.

Inventory:

Hand Weapons
 L - the +7 halberd of Cowardice {vamp, *Noise +Rage rC+ Int+6 Dex+3}
   (You bought it in a shop on level 2 of the Orcish Mines)

   It inflicts no extra harm, but heals its wielder when it wounds a living foe.
   It affects your intelligence (+6).
   It affects your dexterity (+3).
   It protects you from cold.
   It lets you go berserk.
   It may make noises in combat.
 M - the +13 lance "Wyrmbane" (weapon) {slay drac, rPois rF+ rC+ AC+3}
   (You found it on level 14 of the Dungeon)

   It affects your AC (+3).
   It protects you from fire.
   It protects you from cold.
   It protects you from poison.
Armour
 d - the +5 plate armour "Ruodos" (worn) {Slay+5}
   (You bought it in a shop on level 15 of the Dungeon)

   It affects your accuracy and damage with ranged weapons and melee attacks
   (+5).
 t - a +1 pair of gloves of strength (worn)
 H - a scarf of resistance (worn)
 N - a +1 cloak of willpower
 S - a +0 tower shield (worn)
 V - a +1 cloak of preservation
 X - the +0 pair of boots of Moral Flaws (worn) {rElec Str+4}
   (You bought it in a shop on level 3 of the Vaults)

   It affects your strength (+4).
   It insulates you from electricity.
Jewellery
 c - an uncursed ring of protection from fire
 k - the ring of Conformity (left hand) {+Blink rPois Will+ Str+2}
   (You bought it in a shop on level 11 of the Dungeon)

   [ring of poison resistance]

   It affects your strength (+2).
   It protects you from poison.
   It affects your willpower, your defense against some magical effects.
   It lets you blink.
 m - an uncursed ring of positive energy
 n - an amulet of reflection (around neck)
 y - an uncursed ring of resist corrosion
 O - the ring of the Hare (right hand) {EV+8}
   (You found it on level 6 of the Lair of Beasts)

   [ring of evasion]

   It affects your evasion (+8).
 R - the ring "Niul" {rF++ rC++ Str-5 Int+6}
   (You found it on level 4 of the Swamp)

   [ring of intelligence]

   It affects your strength (-5).
   It affects your intelligence (+6).
   It greatly protects you from fire.
   It greatly protects you from cold.
Wands
 b - a wand of random effects (38)
 i - a wand of acid (50)
 l - a wand of iceblast (29)
 r - a wand of polymorph (11)
 x - a wand of enslavement (9)
 C - a wand of paralysis (18)
 E - a wand of disintegration (53)
 G - a wand of digging (15)
 I - a wand of flame (68)
Scrolls
 e - 22 scrolls of remove curse
 f - 10 scrolls of enchant weapon
 h - 6 scrolls of enchant armour
 q - 3 scrolls of magic mapping
 u - 5 scrolls of fear
 J - 3 scrolls of fog
 Q - 2 scrolls of identify
 T - 3 scrolls of summoning
Potions
 g - 7 potions of mutation
 o - 16 potions of curing
 p - 4 potions of flight
 s - 4 potions of brilliance
 v - 11 potions of heal wounds
 w - a potion of invisibility
 z - a potion of magic
 A - 15 potions of ambrosia
 B - 3 potions of resistance
 D - 6 potions of lignification
 F - 4 potions of might
 K - 2 potions of cancellation
Miscellaneous
 a - a condenser vane


   Skills:
 + Level 19.0 Fighting
 * Level 23.3 Polearms
 + Level 20.7 Armour
 + Level 21.9 Shields


You had 22 spell levels left.
You didn't know any spells.
Your spell library contained the following spells:

 Spells                   Type           Power        Failure   Level
 Animate Skeleton         Necr           0%           75%         1
 Beastly Appendage        Tmut           0%           75%         1
 Corona                   Hex            0%           75%         1
 Magic Dart               Conj           0%           75%         1
 Pain                     Necr           0%           75%         1
 Sandblast                Erth           0%           75%         1
 Summon Small Mammal      Summ           0%           75%         1
 Call Imp                 Summ           0%           86%         2
 Ensorcelled Hibernation  Hex/Ice        0%           86%         2
 Passwall                 Tmut/Erth      0%           86%         2
 Searing Ray              Conj           0%           86%         2
 Slow                     Hex            0%           86%         2
 Wereblood                Tmut           0%           86%         2
 Call Canine Familiar     Summ           0%           98%         3
 Dazzling Flash           Conj/Hex       0%           98%         3
 Gell's Gravitas          Tloc           0%           98%         3
 Inner Flame              Hex/Fire       0%           98%         3
 Portal Projectile        Hex/Tloc       0%           98%         3
 Spider Form              Tmut/Pois      0%           98%         3
 Stone Arrow              Conj/Erth      0%           98%         3
 Summon Guardian Golem    Hex/Summ       0%           98%         3
 Vampiric Draining        Necr           0%           98%         3
 Animate Dead             Necr           0%           100%        4
 Cause Fear               Hex            0%           100%        4
 Fulminant Prism          Conj/Hex       0%           100%        4
 Ice Form                 Ice/Tmut       0%           100%        4
 Iskenderun's Mystic Bla  Conj/Tloc      0%           100%        4
 Leda's Liquefaction      Hex/Erth       0%           100%        4
 Petrify                  Tmut/Erth      0%           100%        4
 Summon Ice Beast         Ice/Summ       0%           100%        4
 Summon Lightning Spire   Summ/Air       0%           100%        4
 Agony                    Necr           0%           100%        5
 Blade Hands              Tmut           0%           100%        5
 Bolt of Magma            Conj/Fire/Erth 0%           100%        5
 Borgnjor's Vile Clutch   Necr/Erth      0%           100%        5
 Irradiate                Conj/Tmut      0%           100%        5
 Iskenderun's Battlesphe  Conj           0%           100%        5
 Lee's Rapid Deconstruct  Erth           0%           100%        5
 Silence                  Hex/Air        0%           100%        5
 Summon Mana Viper        Hex/Summ       0%           100%        5
 Dispersal                Tloc           0%           100%        6
 Hydra Form               Tmut           0%           100%        6
 Iron Shot                Conj/Erth      0%           100%        6
 Shadow Creatures         Summ           N/A          100%        6
 Statue Form              Tmut/Erth      0%           100%        6
 Dragon Form              Tmut           0%           100%        7
 Orb of Destruction       Conj           0%           100%        7
 Spellforged Servitor     Conj/Summ      0%           100%        7
 Disjunction              Tloc           0%           100%        8
 Dragon's Call            Summ           0%           100%        9
 Shatter                  Erth           0%           100%        9


Dungeon Overview and Level Annotations

Branches:
Dungeon (15/15)            Temple (1/1) D:4            Lair (6/6) D:9
  Swamp (4/4) Lair:3       Spider (4/4) Lair:2        Slime (0/5) Lair:5
    Orc (2/2) D:9             Elf (3/3) Orc:2        Vaults (5/5) D:14
  Crypt (0/3) Vaults:3     Depths (0/5) D:15         WizLab (visited)
Gauntlet (visited)

Altars:
Ashenzari
Cheibriados
Dithmenos
Fedhas
Gozag
Hepliaklqana
Kikubaaqudgha
Makhleb
Nemelex Xobeh
Okawaru
Ru
Sif Muna
Trog
Uskayaw
Vehumet
Wu Jian
Xom
Yredelemnul
Zin
The Shining One
Beogh
Jiyva
Lugonu

Shops:
D:5 [   D:6 (   D:7 [   D:11 [=   D:15 *[   Orc:2 [!=:[**(:   Elf:1 [:*
Vaults:1 [   Vaults:3 *[:[(   Vaults:4 }

Portals:
Abyss: Orc:1

Annotations:
Swamp:3 3 runed translucent doors, Esebbu's ghost, adept DsAK
Swamp:4 exclusion: oklob plant
Elf:2 2 runed translucent doors


Innate Abilities, Weirdness & Mutations

You cannot be hasted, slowed, berserked, paralysed or teleported.
You can dig through walls and to a lower floor.
Your four strong arms can wield two-handed weapons with a shield.
You have a pair of large antennae on your head. (SInv)


Message History

The ufetubus hits you but does no damage.
The hellion gestures at you.
The sphere of damnation explodes!
The damnation engulfs you!!
* * * LOW HITPOINT WARNING * * *
The damnation engulfs the neqoxec!
The deep elf demonologist casts a spell.
The hellion gestures at you.
The sphere of damnation explodes!
The damnation engulfs you!!
* * * LOW HITPOINT WARNING * * *
The damnation engulfs the ufetubus!!
The ufetubus dies!
The damnation engulfs the deep elf demonologist!
The damnation engulfs the neqoxec!!
The neqoxec dies!
The damnation engulfs the ufetubus!!
The ufetubus dies!
The Hell Sentinel gestures at you. The iron shot hits you!!!
You die...
Your body crumbles into a pile of gold.

.##.# #.# #.........# .##.#
#.# #.........# $ .##.# #.#
#.........#
.##.####.####.........#
............+.........+
.####.###.###........|# .# #.#
#.# #...<.....# .# #.# #.#
#.........# .# #.# #.#
#...@e....# .# #.# #.#
#......2..# .# #.# #.#
#.....e41.#
+####+###'####...1335.####
.......#...........43......
...................4.e...$..
....................2.4......
..............................
..............................


You could see a Hell Sentinel (summoned), a lorocyproca (summoned, invisible,
misshapen), an Executioner (summoned), a soul eater (summoned), 3 deep elf
demonologists, 2 orange demons, a hellion (summoned), a neqoxec (summoned), a
ynoxinul (summoned), a chaos spawn (summoned), a red devil (summoned) and a
shadow imp (summoned).

Vanquished Creatures
  A Hellbinder (WizLab)
  Arachne (Spider:3)
  A lich (Vaults:2)
  A titan (Vaults:4)
  A deep elf blademaster (Elf:2)
  A sphinx (Vaults:1)
  A storm dragon (Vaults:3)
  2 thorn hunters (Swamp:4)
  Kirke (D:15)
  Donald (Spider:3)
  Gastronok (D:8)
  Agnes (Spider:3)
  2 tengu reavers
  A nagaraja (Vaults:1)
  4 fire giants
  A blood saint (WizLab)
  8 deep elf sorcerers
  3 ghost moths
  6 emperor scorpions
  A balrug (WizLab)
  2 frost giants
  8 vault wardens
  An orc warlord (Orc:2)
  A deep elf elementalist (Elf:3)
  18 ironheart preservers
  2 war gargoyles (Vaults:1)
  6 stone giants
  A minotaur (Gauntlet)
  An entropy weaver (shapeshifter) (Vaults:2)
  3 deep elf demonologists
  3 vampire knights
  A deep elf annihilator (Elf:3)
  A lorocyproca (WizLab)
  3 entropy weavers
  A spark wasp (Spider:3)
  3 bunyips
  4 deep elf death magi
  An eleionoma (Swamp:4)
  An ettin (Vaults:3)
  3 shambling mangroves (Swamp:4)
  A blizzard demon (WizLab)
  7 yaktaur captains
  11 vault guards (Vaults:1)
  19 hydras
  A great orb of eyes (Vaults:3)
  2 ice dragons
  3 ghost crabs
  2 catoblepae
  3 hell beasts (WizLab)
  8 centaur warriors
  9 boulder beetles
  A deep troll shaman (Vaults:2)
  7 alligators
  3 death knights
  A hell hog (Gauntlet)
  12 ogre magi
  33 two-headed ogres
  3 deep troll earth magi
  2 tengu warriors (D:15)
  A vampire mage (Vaults:1)
  6 orc high priests
  A sixfirhy (WizLab)
  25 deep elf knights
  7 skeletal warriors
  2 sun demons (WizLab)
  A storm dragon skeleton (Vaults:3)
  10 spriggan druids
  11 deep trolls
  4 unseen horrors
  6 goliath frogs
  An unseen horror (shapeshifter) (Elf:1)
  2 glowing orange brains
  A shadow demon (WizLab)
  4 spectral hydras (Swamp:4)
  17 deep elf archers
  11 swamp dragons
  6 wizards
  10 ironbrand convokers
  10 harpies
  4 flayed ghosts
  5 bog bodies
  9 orc sorcerers
  13 orc knights
  57 deep elf magi
  A necromancer (D:14)
  16 orb spiders
  4 cyclopes
  3 will-o-the-wisps
  23 wolf spiders
  2 manticores
  A sphinx skeleton (Vaults:3)
  2 moths of wrath
  19 ugly things
  11 elephants
  A guardian serpent (shapeshifter) (Vaults:1)
  Maurice (D:13)
  2 centaur zombies
  2 black mambas
  6 human skeletons (Vaults:3)
  A rust devil (WizLab)
  14 vault sentinels
  A naga mage (Vaults:2)
  2 smoke demons (WizLab)
  A torpor snail (Lair:4)
  23 cane toads
  Maggie (Lair:1)
  3 rime drakes
  3 centaur skeletons
  2 efreet (D:13)
  4 demonic crawlers
  9 komodo dragons
  16 yaktaurs
  A hellion (WizLab)
  3 yaktaur skeletons (Vaults:3)
  13 freezing wraiths
  A tormentor (WizLab)
  6 red devils (WizLab)
  3 death drake zombies (Swamp:4)
  3 tengu conjurers
  A wandering mushroom (Swamp:4)
  3 hellwings (WizLab)
  4 polar bears (Lair:6)
  3 meliai
  15 trolls
  17 hornets
  4 hydra zombies (Swamp:4)
  12 tyrant leeches
  A queen bee (Lair:2)
  A queen bee (shapeshifter) (Vaults:4)
  32 jumping spiders
  2 hydra skeletons (Swamp:4)
  A death drake skeleton (Swamp:4)
  19 slime creatures
  29 blink frogs
  A blink frog (shapeshifter) (D:15)
  6 dream sheep (Lair:5)
  A frost giant simulacrum (Vaults:2)
  A raiju (shapeshifter) (Elf:3)
  A fire giant simulacrum (Vaults:1)
  72 redbacks
  7 spriggans
  A water elemental (Elf:1)
  Sigmund (D:3)
  A ynoxinul (WizLab)
  8 wraiths
  41 yaks
  3 air elementals
  34 tarantellas
  An ettin skeleton (Vaults:3)
  A fire elemental (Elf:3)
  A hog (D:15)
  A redback (shapeshifter) (D:15)
  A fire bat (Gauntlet)
  2 neqoxecs (WizLab)
  6 wyverns
  A golden eye (shapeshifter) (D:15)
  2 basilisks
  2 chaos spawn (WizLab)
  6 vampire mosquitoes (Lair:6)
  A steam dragon (D:6)
  3 wargs
  16 swamp worms
  12 water moccasins
  2 hell hounds (Gauntlet)
  2 hydra simulacra (Swamp:4)
  A floating eye (Vaults:1)
  2 swamp dragon zombies (Swamp:4)
  A meliai simulacrum (D:14)
  5 swamp drakes
  An ice beast (D:11)
  48 orc warriors
  3 sky beasts
  2 necrophages
  31 ogres
  3 phantoms
  2 black bears
  3 wolves
  2 eyes of draining
  A hornet zombie (D:5)
  8 boggarts
  A swamp dragon skeleton (Swamp:4)
  14 centaurs
  2 earth elementals (Elf:1)
  29 bullfrogs
  A wyvern zombie (D:14)
  A hornet simulacrum (Vaults:1)
  A ballistomycete (Swamp:4)
  3 scorpions
  20 killer bees
  14 wights
  4 howler monkeys
  4 electric eels
  4 bullfrog zombies
  3 bullfrog skeletons
  A jelly (D:4)
  24 orc priests
  8 hounds
  Jessica (D:2)
  21 iguanas
  Ijyb (D:3)
  22 orc wizards
  16 worker ants
  Terence (D:2)
  A hound zombie (D:11)
  2 worker ant zombies (D:11)
  A howler monkey zombie (D:11)
  4 gnolls (D:2)
  2 howler monkey skeletons
  An adder (shapeshifter) (Vaults:1)
  9 adders
  5 shadow imps
  6 white imps
  5 ufetubi
  3 oozes
  3 adder skeletons
  2 worms
  A dart slug (D:1)
  12 leopard geckos
  115 orcs
  3 ball pythons
  6 giant cockroaches
  5 goblins
  6 hobgoblins
  6 jackals
  5 quokkas
  3 bats
  12 frilled lizards
  8 kobolds
  4 rats
  2 lurking horrors (Orc:1)
1582 creatures vanquished.

Vanquished Creatures (others)
  A deep elf high priest (Elf:3)
  27 dancing weapons
  A necromancer (Vaults:4)
  A deep elf mage (Elf:2)
  A hellwing (WizLab)
  A bloated husk (Swamp:2)
  A jumping spider (Spider:1)
  A hornet (Swamp:4)
  A centaur (D:15)
  An orc wizard (Orc:2)
  An orc (D:6)
  A frilled lizard (Lair:1)
  4 ballistomycete spores (Swamp:4)
  36 demonic plants (Gauntlet)
  20 foxfires
  22 fungi
  97 plants
217 creatures vanquished.

Grand Total: 1799 creatures vanquished

Notes
Turn   | Place    | Note
-------+----------+-------------------------------------------
     0 | D:1      | fasse2k the Formicid Fighter began the quest for the Orb.
     0 | D:1      | Reached XP level 1. HP: 18/18 MP: 1/1
   139 | D:1      | Reached XP level 2. HP: 24/24 MP: 2/2
   275 | D:1      | Reached XP level 3. HP: 21/29 MP: 3/3
   587 | D:1      | You fall into a shaft and drop 1 floor!
   633 | D:2      | Noticed Terence
   645 | D:2      | Killed Terence
   646 | D:2      | Reached skill level 3 in Polearms
   646 | D:2      | Reached XP level 4. HP: 37/37 MP: 4/4
   646 | D:2      | Noticed Jessica
   650 | D:2      | Killed Jessica
  1031 | D:2      | Reached XP level 5. HP: 17/42 MP: 5/5
  1528 | D:2      | Found a glowing golden altar of the Shining One.
  1761 | D:2      | Became a worshipper of the Shining One
  1800 | D:3      | Noticed a centaur
  1807 | D:3      | Killed a centaur
  1808 | D:3      | Reached skill level 4 in Polearms
  1808 | D:3      | Reached XP level 6. HP: 29/49 MP: 6/6
  2233 | D:3      | Noticed Ijyb
  2269 | D:3      | Killed Ijyb
  2433 | D:3      | Found a broken altar of Ashenzari.
  2435 | D:3      | Found a shimmering blue altar of Sif Muna.
  2456 | D:3      | Noticed Sigmund
  2467 | D:3      | Killed Sigmund
  2468 | D:3      | Reached skill level 5 in Shields
  2468 | D:3      | Reached XP level 7. HP: 45/55 MP: 7/7
  2598 | D:4      | Reached skill level 5 in Polearms
  2722 | D:4      | Reached skill level 5 in Armour
  2853 | D:4      | Found a staircase to the Ecumenical Temple.
  2878 | Temple   | Entered the Ecumenical Temple
  3128 | Temple   | Fell from the grace of the Shining One
  3128 | Temple   | Became a worshipper of Gozag Ym Sagoz the Greedy
  3163 | D:4      | Reached skill level 5 in Fighting
  3185 | D:4      | You fall into a shaft and drop 1 floor!
  3185 | D:5      | Entered Level 5 of the Dungeon
  3430 | D:5      | Reached XP level 8. HP: 60/62 MP: 8/8
  3495 | D:5      | Found Xuvoh's Antique Armour Boutique.
  4047 | D:5      | Reached skill level 6 in Polearms
  5108 | D:6      | Reached XP level 9. HP: 69/69 MP: 9/9
  5206 | D:6      | Reached skill level 7 in Polearms
  5654 | D:6      | Found Meru's Weapon Shop.
  6729 | D:6      | Reached skill level 8 in Polearms
  7252 | D:7      | Found Veunlan's Armour Boutique.
  7911 | D:8      | Noticed Gastronok
  7926 | D:8      | Killed Gastronok
  7927 | D:8      | Reached skill level 9 in Polearms
  7927 | D:8      | Reached XP level 10. HP: 37/80 MP: 10/10
  8675 | D:8      | Found a glowing silver altar of Zin.
  9104 | D:9      | Found a basalt altar of Yredelemnul.
  9114 | D:9      | Found a roughly hewn altar of Beogh.
  9114 | D:9      | Found a staircase to the Orcish Mines.
  9378 | D:8      | Reached skill level 10 in Polearms
  9917 | D:9      | Reached XP level 11. HP: 83/87 MP: 11/11
 10132 | D:9      | Found a staircase to the Lair.
 10229 | D:10     | Entered Level 10 of the Dungeon
 10488 | D:10     | Noticed a deep elf mage
 10517 | D:10     | Killed a deep elf mage
 11661 | D:11     | Noticed an unseen horror
 11680 | D:11     | Killed an unseen horror
 11681 | D:11     | Reached skill level 11 in Polearms
 11723 | D:11     | Reached skill level 10 in Shields
 11843 | D:11     | Noticed a white ugly thing
 11853 | D:11     | Killed a white ugly thing
 11855 | D:11     | Noticed a cyclops
 11865 | D:11     | Killed a cyclops
 12303 | D:11     | Noticed a four-headed hydra
 12320 | D:11     | Killed a four-headed hydra
 12321 | D:11     | Reached XP level 12. HP: 47/96 MP: 12/12
 12714 | D:11     | Bought the ring of Conformity {+Blink rPois Will+ Str+2}
                  | for 525 gold pieces
 13200 | D:12     | Reached skill level 12 in Polearms
 13426 | D:12     | Reached skill level 10 in Fighting
 13502 | D:12     | Noticed an unseen horror
 13507 | D:12     | Killed an unseen horror
 13508 | D:12     | Reached skill level 10 in Armour
 14135 | D:13     | Noticed a boulder beetle
 14151 | D:13     | Killed a boulder beetle
 14196 | D:13     | Noticed a centaur warrior
 14205 | D:13     | Killed a centaur warrior
 14450 | D:13     | Noticed Maurice
 14464 | D:13     | Noticed a centaur warrior
 14473 | D:13     | Killed a centaur warrior
 14478 | D:13     | Killed Maurice
 14558 | D:13     | Noticed an unseen horror
 14562 | D:13     | Killed an unseen horror
 14563 | D:13     | Reached XP level 13. HP: 104/104 MP: 13/13
 14724 | D:13     | Reached skill level 13 in Polearms
 15047 | D:14     | Found the +8 lance "Wyrmbane" {slay drac, rPois rF+ rC+
                  | AC+3}
 15063 | D:14     | Noticed a boulder beetle
 15106 | D:14     | Killed a boulder beetle
 15189 | D:14     | Noticed a catoblepas
 15243 | D:13     | Killed a catoblepas
 16088 | D:14     | Found a gate to the Vaults.
 16287 | D:15     | Entered Level 15 of the Dungeon
 16581 | D:15     | Found a blossoming altar of Fedhas.
 16764 | D:15     | Reached skill level 14 in Polearms
 16768 | D:15     | Noticed a centaur warrior
 16768 | D:15     | Noticed an eight-headed hydra
 16954 | D:15     | Noticed Kirke
 16988 | D:15     | Killed Kirke
 16991 | D:15     | Reached XP level 14. HP: 109/114 MP: 14/14
 17037 | D:15     | Found Bamiyhib's Demolitions Depot.
 17554 | D:15     | Found a staircase to the Depths.
 17642 | D:15     | Bought an ancient plate armour for 1036 gold pieces
 17762 | Lair:1   | Entered Level 1 of the Lair of Beasts
 17909 | Lair:1   | You fall into a shaft and drop 1 floor!
 18571 | Lair:2   | Found a hole to the Spider Nest.
 19037 | Lair:1   | Reached skill level 15 in Polearms
 19383 | Lair:1   | Noticed Maggie
 19398 | Lair:1   | Killed Maggie
 19922 | Lair:1   | Identified the +5 plate armour "Ruodos" {Slay+5} (You
                  | bought it in a shop on level 15 of the Dungeon)
 20224 | Lair:3   | Found a staircase to the Swamp.
 20225 | Lair:3   | Found a shimmering altar of Xom.
 21822 | Lair:5   | Reached XP level 15. HP: 87/122 MP: 15/15
 22222 | Lair:5   | Found a staircase to the Slime Pits.
 22282 | Lair:5   | Found a viscous altar of Jiyva.
 22496 | Lair:6   | Entered Level 6 of the Lair of Beasts
 22952 | Lair:6   | Reached skill level 16 in Polearms
 23122 | Lair:6   | Found a gate leading to a gauntlet.
 23159 | Gauntlet | Entered a Gauntlet
 23159 | Gauntlet | Found a transporter.
 23159 | Gauntlet | Found a transporter.
 23160 | Gauntlet | Found a transporter.
 23163 | Gauntlet | Found a transporter.
 23173 | Gauntlet | Found a transporter.
 23238 | Gauntlet | Found a transporter.
 23252 | Gauntlet | Found a transporter.
 23263 | Gauntlet | Found a transporter.
 23275 | Gauntlet | Found a transporter.
 23288 | Gauntlet | Found a transporter.
 23291 | Gauntlet | Found a transporter.
 23315 | Gauntlet | Found a transporter.
 23362 | Gauntlet | Got a heavily runed ivory ring
 23459 | Gauntlet | Identified the ring of Ekudon {+Fly rElec rPois Will-
                  | Dex+4} (You found it in a Gauntlet)
 23460 | Gauntlet | Identified a scroll of acquirement
 23461 | Gauntlet | Acquired 1162 gold pieces
 23507 | Gauntlet | Acquired 757 gold pieces
 24331 | Lair:6   | Found the ring of the Hare {EV+8}
 24939 | Orc:1    | Entered Level 1 of the Orcish Mines
 24997 | Orc:1    | Found a corrupted altar of Lugonu.
 24999 | Orc:1    | Found a one-way gate to the infinite horrors of the Abyss.
 25595 | Orc:1    | Reached XP level 16. HP: 131/131 MP: 16/16
 26002 | Orc:2    | Entered Level 2 of the Orcish Mines
 26002 | Orc:2    | Found Egeekk's Distillery.
 26094 | Orc:2    | Found Nybied's Antique Armour Shoppe.
 26483 | Orc:2    | Found a staircase to the Elven Halls.
 27479 | Orc:2    | Found Qudirphott's Book Emporium.
 27634 | Orc:2    | Found Ukeu's General Store.
 27635 | Orc:2    | Found Raclif's Book Shoppe.
 27636 | Orc:2    | Found Veimasoa's Antique Armour Emporium.
 27636 | Orc:2    | Found Fuzod's Antique Weapon Emporium.
 27707 | Orc:2    | Bought a scroll of acquirement for 780 gold pieces
 27708 | Orc:2    | Acquired a manual of Shields
 27743 | Orc:2    | Bought a pair of faintly glowing boots for 247 gold pieces
 27753 | Orc:2    | Identified the +2 pair of boots of Floral Leaves {+Fly rC+}
                  | (You bought it in a shop on level 2 of the Orcish Mines)
 27760 | Orc:2    | Bought a slimy halberd for 261 gold pieces
 27763 | Orc:2    | Identified the +7 halberd of Cowardice {vamp, *Noise +Rage
                  | rC+ Int+6 Dex+3} (You bought it in a shop on level 2 of the
                  | Orcish Mines)
 27785 | Orc:2    | Bought a +1 pair of gloves of strength for 247 gold pieces
 27847 | Orc:2    | Bought an embroidered scarf for 208 gold pieces
 28001 | Swamp:1  | Entered Level 1 of the Swamp
 28100 | Swamp:1  | Reached skill level 17 in Polearms
 28100 | Swamp:1  | Reached skill level 15 in Shields
 29864 | Swamp:2  | You fall into a shaft and drop 1 floor!
 30595 | Swamp:3  | Reached XP level 17. HP: 139/139 MP: 17/17
 31228 | Swamp:3  | Found a runed translucent gate.
 31228 | Swamp:3  | Found a runed translucent gate.
 31228 | Swamp:3  | Found a runed translucent gate.
 31254 | Swamp:3  | Noticed Esebbu's ghost (adept DsAK)
 31470 | Swamp:4  | Entered Level 4 of the Swamp
 32576 | Swamp:4  | Got a bound platinum ring
 32579 | Swamp:4  | Identified the ring "Niul" {rF++ rC++ Str-5 Int+6} (You
                  | found it on level 4 of the Swamp)
 32683 | Swamp:4  | Reached skill level 18 in Polearms
 33935 | Swamp:4  | Noticed a thorn hunter
 33951 | Swamp:4  | Killed a thorn hunter
 33991 | Swamp:4  | Reached skill level 15 in Armour
 33994 | Swamp:4  | Reached skill level 15 in Fighting
 34354 | Swamp:4  | Found a basalt altar of Yredelemnul.
 34388 | Swamp:4  | Found a blossoming altar of Fedhas.
 34391 | Swamp:4  | Noticed a thorn hunter
 34412 | Swamp:4  | Killed a thorn hunter
 34614 | Swamp:4  | Reached XP level 18. HP: 109/149 MP: 18/18
 35440 | Swamp:4  | Got a decaying rune of Zot
 35670 | Spider:1 | Entered Level 1 of the Spider Nest
 37073 | Spider:1 | You fall into a shaft and drop 1 floor!
 38609 | Spider:2 | Upgraded the game from 0.27-a0-12-g5dcdf963e0 to
                  | 0.27-a0-25-g087482e4d5
 38722 | Spider:2 | Reached skill level 19 in Polearms
 38830 | Spider:3 | Noticed Arachne
 38867 | Spider:3 | Killed Arachne
 39048 | Spider:3 | Noticed Agnes
 39104 | Spider:3 | Killed Agnes
 39671 | Spider:4 | Entered Level 4 of the Spider Nest
 39690 | Spider:4 | Noticed Donald
 39808 | Spider:3 | Killed Donald
 40686 | Spider:3 | Reached XP level 19. HP: 145/157 MP: 19/19
 42411 | Spider:3 | Acquired a manual of Armour
 42498 | Spider:4 | Got a gossamer rune of Zot
 42829 | Vaults:1 | Entered Level 1 of the Vaults
 43286 | Vaults:1 | Reached skill level 20 in Polearms
 43891 | Vaults:1 | Reached XP level 20. HP: 166/166 MP: 20/20
 43924 | Vaults:1 | Found Larar's Antique Armour Shop.
 44348 | Vaults:1 | You fall into a shaft and drop 1 floor!
 45857 | Vaults:1 | Identified the cursed +0 plate armour "Fukan" {Str+4} (You
                  | found it on level 1 of the Vaults)
 46411 | Vaults:2 | Reached skill level 21 in Polearms
 46508 | Vaults:2 | Reached XP level 21. HP: 174/174 MP: 21/21
 46903 | Vaults:2 | Found a radiant altar of Vehumet.
 46903 | Vaults:2 | Noticed a lich
 46912 | Vaults:2 | Killed a lich
 47749 | Vaults:3 | Found Duext's Book Shop.
 47845 | Vaults:3 | Found Tuam's Antique Armour Shoppe.
 47924 | Vaults:3 | Found Juce's General Store.
 47993 | Vaults:3 | Found a magical portal.
 48002 | WizLab   | Entered The Hall of the Hellbinder
 48831 | WizLab   | Noticed Lygil
 48846 | WizLab   | Killed Lygil the Hellbinder
 48969 | WizLab   | Identified the Tome of the Entourage
 48999 | WizLab   | Identified the cursed +0 cloak of the Jabberwock {Dex+7}
                  | (You found it in a wizard's laboratory)
 49033 | WizLab   | Found a burning altar of Makhleb.
 49679 | Vaults:3 | Found Hor Righ's Weapon Shoppe.
 49733 | Vaults:3 | Found Puiteu's Armour Emporium.
 49736 | Vaults:3 | Bought the +0 pair of boots of Moral Flaws {rElec Str+4}
                  | for 511 gold pieces
 49900 | Vaults:3 | Found a staircase to the Crypt.
 50081 | Vaults:3 | Reached XP level 22. HP: 123/183 MP: 22/22
 50099 | Vaults:3 | Reached skill level 22 in Polearms
 50869 | Vaults:3 | Bought a pair of transparent boots for 389 gold pieces
 50869 | Vaults:3 | Identified the +1 pair of boots of Death's Door {-Cast
                  | rN+++ Regen+ Dex-5} (You bought it in a shop on level 3 of
                  | the Vaults)
 50874 | Vaults:3 | Bought a tower shield for 184 gold pieces
 51168 | Vaults:3 | Acquired 729 gold pieces
 51398 | Vaults:4 | Found Fosmept's Gadget Emporium.
 52929 | Vaults:5 | Entered Level 5 of the Vaults
 53151 | Elf:1    | Entered Level 1 of the Elven Halls
 53370 | Elf:1    | Reached XP level 23. HP: 191/192 MP: 23/23
 53422 | Elf:1    | Found Boddiat's Armour Shop.
 53676 | Elf:1    | Found Legum's General Store.
 54017 | Elf:1    | Found Erchu Ykyiv's Book Emporium.
 54164 | Elf:1    | Identified Tostrirgh's Volume of Arcane Weapons
 54448 | Elf:1    | Reached skill level 23 in Polearms
 54597 | Elf:2    | Found a large runed translucent door.
 54597 | Elf:2    | Found a large runed translucent door.
 54629 | Elf:2    | Found a large runed translucent door.
 54629 | Elf:2    | Found a large runed translucent door.
 55598 | Elf:3    | Entered Level 3 of the Elven Halls
 56100 | Elf:3    | Killed from afar by a Hell Sentinel

Illustrated notes

Levels and vault maps discovered:
D:1:      saegor_arrival_simple_a, layout_rooms, dk_noncrumbling_2,
          minmay_small_reverse_x
D:2:      layout_loops_cross, tso_altar, chequers_decorated_corner,
          kennysheep_generic_room_13, uniq_jessica, uniq_terence
D:3:      layout_rooms, nicolae_overflow_hidden_temple, uniq_ijyb, uniq_sigmund
D:4:      layout_cave_pods, minmay_temple_entry_waves, lemuel_tele_altar,
          uniq_grinder
D:5:      layout_layer_cave, serial_shops, nicolae_shop_behind_doors
D:6:      layout_cave_pods, serial_shops, nicolae_shop_crystal, minmay_puff
D:7:      layout_gridville, serial_shops, shop
D:8:      layout_cave_pools, kennysheep_little_box, enter_ossuary_2,
          minmay_misc_feat_pillars, uniq_gastronok
D:9:      layout_loops_cross, lemuel_doored_altar, lair_entry_dummy, david_orc_5
D:10:     layout_irregular_city
D:11:     layout_irregular_city, wad_woods_river_04
D:12:     layout_cave_pools, hangedman_decor_growths,
          minmay_misc_feat_more_columns
D:13:     layout_loops_cross, hangedman_glass_teeth, uniq_maurice
D:14:     layout_irregular_city, david_vaults_1, roderic_nine_men_s_morris
D:15:     gammafunk_enter_depths_forms, layout_basic, abandoned_shop,
          basic_altar, nicolae_blasting_shop, uniq_kirke
Temple:   regret_index_temple_generic_petals
Lair:1:   lemuel_reptile_caves, layout_cave_pods, serial_bayou_shore_a,
          uniq_maggie
Lair:2:   layout_regular_city, dummy_spider_entry, beast_lair_carwin_3
Lair:3:   layout_hall_layers, swamp_mist, basic_altar,
          eino_small_chamber_without_monster, infiniplex_staircase_pool_2
Lair:4:   layout_regular_city, minmay_stone_trees_small
Lair:5:   layout_big_grid, slime_altar_1
Lair:6:   minmay_lair_end_frog_pond, layout_hall_layers, gauntlet_entry_generic,
          cheibrodos_lair_lostbears
Swamp:1:  layout_basic_swamp, evilmike_swamp_ruin_rubble_1
Swamp:2:  layout_basic_swamp, evilmike_swamp_ruin_house_5
Swamp:3:  layout_basic_swamp, gammafunk_ghost_necromancy,
          nicolae_swamp_very_dense_foliage, infiniplex_staircase_pool
Swamp:4:  byrel_swamp_growth_death_and_undeath, layout_basic_swamp, swamp_pool5,
          nicolae_swamp_hydra_murder_den
Spider:1: layout_spider_delve, special_room [special_room_bee]
Spider:2: layout_chambers, hangedman_spider_mandibles, guppyfry_hornet_nest
Spider:3: layout_spider_delve, uniq_agnes, uniq_arachne
Spider:4: grunt_spider_rune_circles, spiders_nest_ghost_moth_duel, uniq_donald
Orc:1:    layout_caves, amcnicky_altar_lugonu_corruption
Orc:2:    st_orc_congregation, layout_caves, serial_shops, nicolae_shop_trees,
          shop, shop
Elf:1:    minmay_elf_arrival_circle, layout_gridlike, serial_shops, shop_statue,
          nicolae_shop_statue_plus, nicolae_shop_behind_doors,
          minmay_elf_annihilation, minmay_strange_pillars,
          nicolae_elf_big_sculpture_1, billiards_dpeg
Elf:2:    layout_geoelf_grid
Elf:3:    minmay_elf_hall_not_hex, layout_gridlike
Vaults:1: st_greater_box_3, v_pattern_1, v_misc_29,
          nicolae_vaults_little_squares_4, grunt_vaults_hallway_short,
          layout_vaults_chaotic_city, serial_shops, shop
Vaults:2: grunt_tower_of_power, v_misc_14, ontoclasm_vaults_ring_small,
          ontoclasm_vaults_gateway, serial_ice_g, nicolae_vaults_rhombus_5,
          vaults_room_hallway, nicolae_vaults_rhombus_5,
          vaults_room_grunt_arrival_ludios, layout_vaults_quadrants
Vaults:3: vaults_room_semicircle, hangedman_vaults_trim,
          minmay_crypt_entry_skeletal_spiral,
          nicolae_vaults_stairing_the_circle, nicolae_vaults_little_squares_3,
          nicolae_vaults_ring_of_whatevers, ontoclasm_vaults_idyll,
          ontoclasm_vaults_pinch, nicolae_vaults_little_squares_2,
          vaults_mumra_chevron, v_alt_pattern_6, st_quartered_hall,
          grunt_vaults_hallway_short, vaults_mumra_hex, layout_vaults_big_cross,
          serial_shops, nicolae_shop_behind_doors, nicolae_shop_behind_doors,
          shop_coins, nicolae_shop_waterfront, nicolae_shop_stone,
          mu_enter_wizlab_6
Vaults:4: ontoclasm_vaults_hangar, nicolae_vaults_network_quincunx
          [nicolae_vaults_network_quincunx_subvault,
          nicolae_vaults_network_quincunx_subvault,
          nicolae_vaults_network_quincunx_subvault,
          nicolae_vaults_network_quincunx_subvault,
          nicolae_vaults_network_quincunx_subvault], grunt_vaults_trifunnel,
          vaults_room_stairs_pillars, v_misc_13, v_rooms_2,
          nicolae_vaults_little_squares_5, st_spiral_rooms,
          vaults_dpeg_diagonal, grunt_vaults_hallway_short,
          hangedman_vaults_hat, grunt_vaults_twisty,
          nicolae_vaults_little_squares_5, layout_vaults_omnibox, serial_shops,
          shop
Vaults:5: serial_shops, uniq_margery, uniq_mennas

Skill      XL: |  1  2  3  4  5  6  7  8  9 10 11 12 13 14 15 16 17 18 19 20 21 22 23 |
---------------+----------------------------------------------------------------------+-----
Shields        | 4 5 6 8 9 10 11 12 13 14 15 17 18 19 20 21 | 21.9
Polearms       | 3 4 5 6 9 10 11 12 14 15 16 17 18 19 20 21 22 23 | 23.3
Fighting       | 4 5 6 7 8 9 10 11 12 13 14 15 16 17 18 19 | 19.0
Armour         | 4 5 6 7 8 9 10 11 12 13 14 15 16 18 19 20 | 20.7

Action                   |  1- 3 |  4- 6 |  7- 9 | 10-12 | 13-15 | 16-18 | 19-21 | 22-24 || total
-------------------------+-------+-------+-------+-------+-------+-------+-------+-------++-------
Melee: Trident           |    91 |   157 |   459 |   299 |       |       |       |       ||  1006
       Halberd           |       |       |       |   505 |    28 |       |   625 |       ||  1158
       Lance             |       |       |       |       |  1582 |  2020 |  1098 |   982 ||  5682
       Unarmed           |       |       |       |       |       |       |    11 |       ||    11
Invok: Call Merchant     |       |       |       |     2 |     1 |     2 |       |       ||     5
       Potion Petition   |       |       |       |       |       |    10 |     2 |     1 ||    13
 Abil: Dig               |       |       |       |       |       |     1 |       |       ||     1
Evoke: Wand              |       |       |       |       |       |     6 |       |       ||     6
       Condenser vane    |       |       |       |       |       |     1 |       |       ||     1
  Use: Scroll            |       |       |     2 |    18 |     8 |     8 |     9 |     4 ||    49
       Potion            |       |       |     2 |       |       |     1 |       |       ||     3
 Stab: Distracted        |       |       |       |     2 |     7 |    12 |    11 |     6 ||    38
       Invisible         |       |       |       |       |       |    10 |     1 |       ||    11
       Held in net/web   |       |       |       |       |       |       |     1 |       ||     1
Armor: Scale mail        |    31 |    40 |    79 |       |       |       |       |       ||   150
       Plate armour      |       |       |       |   161 |   195 |   700 |   327 |    43 ||  1426
       Quicksilver drago |       |       |       |    12 |    89 |       |       |       ||   101
       Skin              |       |       |       |       |       |       |     8 |       ||     8
Dodge: Dodged            |    30 |    50 |    96 |   130 |   140 |   638 |   400 |    75 ||  1559
Block: Kite shield       |    31 |   130 |   302 |   554 |   584 |  1380 |  1036 |    40 ||  4057
       Reflection        |       |     8 |     5 |    28 |    28 |    30 |    75 |    62 ||   236
       Tower shield      |       |       |       |       |       |       |       |   353 ||   353

Table legend: (Time is in decaauts)
 A = Elapsed time spent in this place.
 B = Non-inter-level travel time spent in this place.
 C = Inter-level travel time spent in this place.
 D = Time resting spent in this place.
 E = Time spent auto-exploring this place.
 F = Levels seen in this place.
 G = Mean time per level.
                   A        B        C        D        E       F      G
               +--------+--------+--------+--------+--------+-----+--------+
         Total |  53553 |  50334 |   3219 |    307 |  39121 |  42 | 1275.1 |
       Dungeon |  17651 |  16614 |   1037 |      0 |  13201 |  15 | 1176.7 |
        Temple |    279 |    188 |     91 |      0 |    186 |   1 |  279.0 |
          Lair |   7432 |   6934 |    498 |      0 |   5892 |   6 | 1238.7 |
         Swamp |   7304 |   6743 |    561 |      0 |   5397 |   4 | 1826.0 |
   Spider Nest |   5861 |   5706 |    155 |     26 |   4525 |   4 | 1465.2 |
  Orcish Mines |   2607 |   2505 |    102 |      0 |   1876 |   2 | 1303.5 |
   Elven Halls |   2722 |   2578 |    144 |      0 |   1976 |   3 |  907.3 |
        Vaults |   8355 |   7727 |    628 |      0 |   5556 |   5 | 1671.0 |
        Wizlab |    999 |    999 |      0 |    281 |    270 |   1 |  999.0 |
      Gauntlet |    339 |    339 |      0 |      0 |    241 |   1 |  339.0 |
               +--------+--------+--------+--------+--------+-----+--------+

Top non-repeatable levels by time:
 Swamp:4: 3097 daAuts
Vaults:1: 2871 daAuts
Spider:3: 2602 daAuts
Vaults:3: 2457 daAuts
 Swamp:3: 2034 daAuts
     D:6: 1992 daAuts
    D:11: 1746 daAuts
  Lair:2: 1707 daAuts
     D:8: 1672 daAuts
  Lair:6: 1610 daAuts
Spider:2: 1597 daAuts
     D:5: 1571 daAuts
Vaults:2: 1516 daAuts
    D:13: 1508 daAuts
Vaults:4: 1507 daAuts
